 Dungeon Crawl Stone Soup version 0.30.0 (webtiles) character file.

Game seed: 8683488400482903889

19793 Vegetables the Basher (level 12, -2/82 HPs)
             Began as a Gargoyle Berserker on June 29, 2023.
             Was an Elder of Trog.
             Slain by a death yak (12 damage)
             ... on level 1 of the Lair of Beasts.
             The game lasted 00:44:40 (14522 turns).

Vegetables the Basher (Gargoyle Berserker)         Turns: 14522, Time: 00:44:41

Health: -2/82      AC: 25    Str: 29    XL:     12   Next: 72%
Magic:  12/12      EV: 14    Int:  8    God:    Trog [****..]
Gold:   607        SH:  3    Dex:  9    Spells: 11/11 levels left

rFire   + + .        N - +1 morningstar
rCold   . . .        t - +0 buckler
rNeg    + . .        l - +1 plate armour
rPois   ∞            (no helmet)
rElec   +            g - scarf of Activism {repulsion, rF+ Str+3}
rCorr   .            (no gloves)
SInv    .            Y - +0 pair of boots
Will    .....        x - amulet of regeneration Stlth
                     D - +5 ring of evasion
HPRegen 1.13/turn    K - ring of protection from fire
MPRegen 0.13/turn

%: repel missiles
@: mighty, on berserk cooldown, slowed, very slow
A: sickness immunity, AC +8, negative energy resistance 1, electricity
resistance, torment resistance 1, petrification resistance, hooves 1
a: Renounce Religion, Berserk, Trog's Hand, Brothers in Arms


You were on level 1 of the Lair of Beasts.
You worshipped Trog.
Trog was greatly pleased with you.
You visited 3 branches of the dungeon, and saw 13 of its levels.
You also visited: Ossuary.

You collected 670 gold pieces.
You spent 63 gold pieces at shops.

Inventory:

Hand Weapons
 a - a +1 mace
 o - a +0 dagger of draining
 y - a +1 mace of protection
 N - a +1 morningstar (weapon)
 P - a +0 flail
 Q - a +3 long sword
 V - a +0 dire flail
Missiles
 k - 35 poisoned darts
 W - 6 throwing nets (quivered)
Armour
 g - the scarf of Activism (worn) {repulsion, rF+ Str+3}
   (You acquired it on level 1 of the Dungeon)

   Str:       It affects your strength (+3).
   rF:        It protects you from fire.
 l - a +1 plate armour (worn)
 t - a +0 buckler (worn)
 R - a +2 hat of willpower
 Y - a +0 pair of boots (worn)
Jewellery
 b - an amulet of reflection
 x - an amulet of regeneration (around neck)
 D - a +5 ring of evasion (left hand)
 K - a ring of protection from fire (right hand)
Wands
 p - a wand of charming (19)
 B - a wand of flame (17)
 G - a wand of polymorph (11)
 J - a wand of mindburst (14)
 T - a wand of acid (7)
 Z - a wand of iceblast (2)
Scrolls
 h - a scroll of teleportation
 n - a scroll of vulnerability
 s - 3 scrolls of poison
 I - 3 scrolls of noise
 L - a scroll of immolation
 U - 2 scrolls of magic mapping
Potions
 c - 4 potions of lignification
 d - 3 potions of ambrosia
 e - a potion of might
 f - a potion of berserk rage
 i - 9 potions of curing
 j - 2 potions of brilliance
 r - a potion of degeneration
 u - 2 potions of cancellation
 w - a potion of mutation
 z - a potion of resistance
 A - 4 potions of haste
 E - a potion of attraction


   Skills:
 + Level 12.4 Fighting
 + Level 14.1 Maces & Flails
 + Level 10.4 Armour
 + Level 5.0 Dodging
 - Level 0.7 Stealth
 * Level 1.3 Shields


You had 11 spell levels left.
You didn't know any spells.
Your spell library was empty.

Dungeon Overview and Level Annotations

Branches:
Dungeon (11/15)            Temple (1/1) D:6            Lair (1/5) D:11
    Orc (0/2) D:10        Ossuary (visited)

Altars:
Ashenzari
Cheibriados
Elyvilon
Fedhas
Gozag
Kikubaaqudgha
Makhleb
Nemelex Xobeh
Okawaru
Qazlal
Ru
Sif Muna
Trog
Vehumet
Wu Jian
Xom
Yredelemnul
Zin
The Shining One
Jiyva

Shops:
D:3 [   D:10 :


Innate Abilities, Weirdness & Mutations

You are immune to sickness and miasma.
Your stone body is resilient. (AC +8)
You are immune to poison.
You resist negative energy. (rN+)
You are resistant to electric shocks. (rElec)
You are resistant to unholy torment.
You are immune to petrification.
You have large cloven feet.


Message History

The death yak gores you.
* * * LOW HITPOINT WARNING * * *
You are no longer berserk.
You are exhausted.
You feel yourself slow down. The death yak misses you.
You barely miss the death yak.
The death yak is lightly wounded.
The death yak barely misses you.
You bludgeon the death yak!!
The death yak is moderately wounded.
The death yak gores you!!
* * * LOW HITPOINT WARNING * * *
You feel much better.
The death yak gores you but does no damage.
The death yak misses you.
The death yak gores you but does no damage.
The death yak attacks as you move away! You block the death yak's attack.
The death yak attacks as you move away! The death yak closely misses you. x2
The death yak gores you but does no damage.
The death yak attacks as you move away! You block the death yak's attack.
The death yak attacks as you move away! The death yak gores you!
* * * LOW HITPOINT WARNING * * *
You feel very mighty all of a sudden. You block the death yak's attack.
The death yak gores you.
* * * LOW HITPOINT WARNING * * *
The death yak gores you!
* * * LOW HITPOINT WARNING * * *
The death yak closely misses you.
You sock the death yak!
The death yak is moderately wounded.
The death yak gores you but does no damage.
The death yak misses you.
Okay, then.
Okay, then.
Your two-headed ogre goes berserk!
Trog will no longer gift you weapons.
The death yak gores you but does no damage.
The death yak gores you!
You die...

#..# #...#####...##.##
#..#### #..# ##..P# #..##
## #...... #..# #..## #...
#...... ##..####...# #..##
##...... #......÷..#.###..#
#......<
##................#
##......
................O.##
#.......
............##P#...#
#....... ##.........P#
##@.P# ##...>..
##........## #YY## #...####
##........# ##...# ##^. #
#.........# ##...## #.
##..P###..###.#)..########.
#...## #....††.............
#...####....†........).....
###...##....##.#P###..####.
#PP........####### #...#


You could see 2 death yaks and a friendly two-headed ogre (summoned, berserk).

Vanquished Creatures
  Gastronok (D:8)
  The ghost of doot the Tainter, a journeyman OpVM of Vehumet (D:10)
  Harold (D:9)
  2 hydras (D:10)
  A two-headed ogre (D:8)
  3 death yaks
  Pikel (D:7)
  2 cane toads (Lair:1)
  5 elephants
  Maggie (D:7)
  3 kobold demonologists
  An unseen horror (D:11)
  2 trolls
  The ghost of rundlesten the Cleaver, an amateur MiBe of Trog (D:4)
  4 blink frogs (Lair:1)
  Prince Ribbit (D:7)
  A slime creature (D:10)
  A shadow (D:10)
  A wyvern (D:9)
  A wraith (D:10)
  A basilisk (Lair:1)
  11 yaks
  A steam dragon (D:8)
  2 water moccasins (D:7)
  3 ice beasts
  9 orc warriors
  3 sky beasts
  3 black bears
  3 ogres
  4 centaurs
  A lemure (D:7)
  2 phantoms (D:5)
  2 elf zombies (Ossuary)
  4 kobold brigands
  3 bullfrogs
  5 scorpions
  A gnoll sergeant (D:9)
  2 wyvern zombies (D:6)
  A two-headed ogre simulacrum (D:11)
  A water moccasin zombie (D:6)
  4 wights (D:9)
  6 killer bees (D:10)
  6 howler monkeys
  2 bullfrog zombies (D:6)
  3 human zombies (Ossuary)
  4 centaur zombies
  9 jellies
  5 orc priests
  7 hounds
  A gnoll bouda (D:6)
  3 iguanas
  Ijyb (D:3)
  5 orc wizards
  A troll simulacrum (D:11)
  A hound zombie (Ossuary)
  3 mummies (Ossuary)
  5 gnolls (D:9)
  8 adders
  An ufetubus (D:7)
  5 adder zombies (Ossuary)
  3 worms
  4 dart slugs
  52 orcs
  5 ball pythons
  4 endoplasms
  6 giant cockroaches
  A gnoll zombie (Ossuary)
  5 hobgoblins
  4 jackals (D:2)
  7 quokkas
  4 bats
  4 frilled lizards
  14 goblins
  4 goblin zombies (Ossuary)
  A hobgoblin zombie (Ossuary)
  3 jackal zombies (Ossuary)
  27 kobolds
  2 kobold zombies (Ossuary)
  An orc zombie (Ossuary)
  3 quokka zombies (Ossuary)
  2 rats (D:2)
  6 rat zombies (Ossuary)
338 creatures vanquished.

Vanquished Creatures (collateral kills)
  A kobold brigand (D:8)
  4 kobolds (D:8)
5 creatures vanquished.

Vanquished Creatures (others)
  An orc wizard (D:8)
  2 kobolds (D:8)
  2 fungi
  12 plants
  2 withered plants (D:4)
19 creatures vanquished.

Grand Total: 362 creatures vanquished

Notes
Turn   | Place    | Note
-------+----------+-------------------------------------------
     0 | D:1      | Vegetables the Gargoyle Berserker began the quest for the
                  | Orb.
     0 | D:1      | Reached XP level 1. HP: 14/14 MP: 1/1
   282 | D:1      | Reached XP level 2. HP: 19/19 MP: 2/2
   857 | D:1      | Identified a scroll of acquirement
   857 | D:1      | Acquired the scarf of Activism {repulsion, rF+ Str+3}
   973 | D:1      | Reached XP level 3. HP: 17/24 MP: 3/3
  1612 | D:2      | Reached ** piety under Trog
  1826 | D:2      | Reached XP level 4. HP: 24/29 MP: 4/4
  2038 | D:2      | Reached skill level 4 in Maces & Flails
  2393 | D:3      | Reached XP level 5. HP: 33/33 MP: 5/5
  2583 | D:3      | Noticed Ijyb
  2589 | D:3      | Killed Ijyb
  3380 | D:3      | Noticed a sky beast
  3385 | D:3      | Killed a sky beast
  3386 | D:3      | Reached skill level 5 in Maces & Flails
  3386 | D:3      | Reached XP level 6. HP: 38/38 MP: 6/6
  3529 | D:3      | Found Guas's Armour Emporium.
  3534 | D:3      | Bought a +0 chain mail for 63 gold pieces
  3723 | D:4      | Noticed a sky beast
  3739 | D:4      | Killed a sky beast
  4285 | D:4      | Reached XP level 7. HP: 42/44 MP: 7/7
  4337 | D:4      | Found a runed translucent door.
  4338 | D:4      | Noticed rundlesten's ghost (amateur MiBe)
  4383 | D:4      | Killed rundlesten's ghost
  4384 | D:4      | Reached skill level 6 in Maces & Flails
  4633 | D:5      | Entered Level 5 of the Dungeon
  4653 | D:5      | Reached XP level 8. HP: 48/48 MP: 8/8
  4697 | D:5      | Reached *** piety under Trog
  4739 | D:5      | Reached skill level 7 in Maces & Flails
  5028 | D:5      | Reached skill level 5 in Fighting
  5139 | D:5      | Found an ornate altar of the Wu Jian Council.
  5139 | D:5      | Found an ancient bone altar of Kikubaaqudgha.
  5361 | D:6      | Reached skill level 8 in Maces & Flails
  5540 | D:6      | Reached skill level 5 in Armour
  5549 | D:6      | Reached skill level 9 in Maces & Flails
  5555 | D:6      | Reached XP level 9. HP: 18/54 MP: 9/9
  5697 | D:6      | Found a sand-covered staircase.
  5701 | Ossuary  | Entered an ossuary
  5797 | Ossuary  | Reached **** piety under Trog
  6416 | D:6      | Found a basalt altar of Yredelemnul.
  6427 | D:6      | Reached skill level 10 in Maces & Flails
  6458 | D:6      | Found a staircase to the Ecumenical Temple.
  6526 | Temple   | Entered the Ecumenical Temple
  7209 | D:7      | Noticed Prince Ribbit
  7251 | D:7      | Killed Prince Ribbit
  7329 | D:7      | Noticed Pikel
  7350 | D:7      | Killed Pikel
  7351 | D:7      | Reached XP level 10. HP: 63/63 MP: 10/10
  7458 | D:7      | Noticed Maggie
  7470 | D:7      | Killed Maggie
  7471 | D:7      | Reached skill level 11 in Maces & Flails
  8027 | D:8      | Noticed a two-headed ogre
  8039 | D:8      | Killed a two-headed ogre
  8330 | D:8      | Identified the +0 ring mail "Ofolor" {+Inv Will++ Int-2
                  | Stlth+}
  8651 | D:8      | Reached ***** piety under Trog
  9158 | D:8      | Noticed Gastronok
  9175 | D:8      | Killed Gastronok
  9191 | D:8      | Identified the +0 sling "Sumydu" {speed, rPois}
  9197 | D:8      | Reached XP level 11. HP: 71/71 MP: 11/11
  9204 | D:8      | Gained mutation: You have large cloven feet. [potion of
                  | mutation]
  9496 | D:9      | Reached skill level 12 in Maces & Flails
  9505 | D:9      | Noticed Harold
  9518 | D:9      | Killed Harold
 10775 | D:10     | Entered Level 10 of the Dungeon
 10814 | D:10     | Found a viscous altar of Jiyva.
 10836 | D:10     | Noticed a sixfirhy
 10839 | D:10     | Reached skill level 10 in Fighting
 10853 | D:10     | Noticed a sixfirhy
 10880 | D:10     | Found a staircase to the Orcish Mines.
 11383 | D:10     | Found a large runed translucent door.
 11386 | D:10     | Found a large runed translucent door.
 11542 | D:10     | Found a bloodstained altar of Trog.
 11552 | D:10     | Found a snail-covered altar of Cheibriados.
 11728 | D:10     | Found Zatypt's Book Shop.
 11794 | D:10     | Found a runed translucent gate.
 11800 | D:10     | Noticed doot's ghost (journeyman OpVM)
 11802 | D:10     | Noticed a nine-headed hydra
 11814 | D:10     | Found a runed translucent gate.
 11814 | D:10     | Found a runed translucent gate.
 11814 | D:10     | Noticed a 12-headed hydra
 11841 | D:10     | Killed a 12-headed hydra
 11904 | D:10     | HP: 5/109 [nine-headed hydra (12)]
 11907 | D:10     | Killed a nine-headed hydra
 11908 | D:10     | Reached skill level 13 in Maces & Flails
 12469 | D:10     | Killed doot's ghost
 12470 | D:10     | Reached skill level 5 in Dodging
 12766 | D:11     | Reached XP level 12. HP: 80/80 MP: 12/12
 12855 | D:11     | Noticed a death yak
 12885 | D:11     | Killed a death yak
 13156 | D:11     | Found a staircase to the Lair.
 13455 | Lair:1   | Entered Level 1 of the Lair of Beasts
 14165 | Lair:1   | Reached skill level 10 in Armour
 14431 | Lair:1   | Reached skill level 14 in Maces & Flails
 14468 | Lair:1   | Noticed a death yak
 14468 | Lair:1   | Noticed a death yak
 14468 | Lair:1   | Noticed a death yak
 14469 | Lair:1   | Noticed a death yak
 14496 | Lair:1   | Killed a death yak
 14506 | Lair:1   | Killed a death yak
 14507 | Lair:1   | Reached skill level 1 in Shields
 14522 | Lair:1   | Slain by a death yak

Illustrated notes

Levels and vault maps discovered:
D:1:      heliophobic_arrival_ceremonial_halls, layout_loops_cross,
          minmay_pentomino_z4
D:2:      layout_basic
D:3:      wad_lake_hut, layout_basic, serial_glass, glass_columns_c,
          glass_columns_b, feat_on_display, feat_on_display,
          due_unseen_surprise, serial_shops, nicolae_shop_stone, uniq_ijyb
D:4:      layout_basic, gammafunk_ghost_grave, hangedman_feature_mirror
D:5:      layout_cave_pools, amethyst_overflow_temple_binary
D:6:      layout_rooms, nicolae_yredelemnul_corpse_copse,
          minmay_temple_entry_glassed_door, enter_ossuary_5,
          minmay_fractal_squares_gapless_5
D:7:      layout_loops_ring, uniq_prince_ribbit1, uniq_pikel, uniq_maggie
D:8:      layout_gridville, enter_bailey_3, uniq_gastronok
D:9:      layout_long_grid, uniq_harold
D:10:     layout_rooms, jmf_multi_god_temple2, minmay_orc_entry_temple_small,
          serial_shops, nicolae_book_shop_shelving, gammafunk_ghost_hydra_chop,
          jiyva_altar_1
D:11:     layout_basic, david_lair_generic, portal_ice_cave_entry_ice_simulacra,
          minmay_misc_feat_nine_boxes
Temple:   bh_familiar_temple
Lair:1:   layout_small_grid, eino_small_chamber_without_monster,
          chequers_serial_rivers_micro_d, chequers_serial_rivers_room_b,
          serial_bayou_shore_a

Skill      XL: |  1  2  3  4  5  6  7  8  9 10 11 12 |
---------------+-------------------------------------+-----
Dodging        | 2 3 4 5 |  5.0
Maces & Flails | 4 5 6 9 10 11 13 14 | 14.1
Armour         | 3 4 5 6 7 9 10 | 10.4
Fighting       | 4 5 7 9 11 12 | 12.4
Shields        | 1 |  1.3
Stealth        | |  0.7

Action                     |  1- 3 |  4- 6 |  7- 9 | 10-12 || total
---------------------------+-------+-------+-------+-------++-------
  Melee: Mace              |   121 |   133 |   537 |    73 ||   864
         Punch             |     1 |     2 |    10 |       ||    13
         Morningstar       |       |       |       |   508 ||   508
         Kick              |       |       |       |    45 ||    45
 Invoke: Berserk           |     1 |     5 |    14 |    19 ||    39
         Trog's Hand       |       |       |     1 |     1 ||     2
         Brothers in Arms  |       |       |       |     3 ||     3
    Use: Scroll            |     4 |    10 |     4 |    13 ||    31
         Potion            |       |       |     2 |     9 ||    11
 Armour: Animal skin       |     5 |       |       |       ||     5
         Ring mail         |    68 |    14 |       |       ||    82
         Chain mail        |       |    35 |   353 |   201 ||   589
         Skin              |       |       |       |    48 ||    48
         Plate armour      |       |       |       |   207 ||   207
  Dodge: Dodged            |    79 |    67 |   264 |   451 ||   861
         Repelled          |       |     3 |     1 |       ||     4
  Block: Buckler           |       |       |       |    53 ||    53
